[Event "*** Titled Tuesday Blitz"]
[Site "Chess.com"]
[Date "2021.03.02"]
[Round "1"]
[White "Schack-Hugo"]
[Black "zim0ne"]
[Result "0-1"]
[WhiteElo "2219"]
[BlackElo "2536"]
[TimeControl "180+1"]
[EndTime "10:05:33 PST"]
[Termination "zim0ne won on time"]

1. e4 e5 2. Nf3 Nc6 3. Bc4 Bc5 4. c3 Nf6 5. d3 d6 6. Bg5 a6 7. d4 exd4 8. cxd4 Bb4+ 9. Nc3 h6 10. Bh4 g5 11. Bg3 Nxe4 12. O-O Bxc3 13. bxc3 d5 14.
Bd3 O-O 15. Ne5 Nxe5 16. dxe5 Kg7 17. Qh5 Bf5 18. f4 Nxg3 19. hxg3 Bxd3 20. f5 Qe8 21.
f6+ Kh7 22. Rae1 Bg6 23. Qf3 Qe6 24. Qf2 Rfe8 25. Qd4 Qb6 26. Kf2 Qxd4+ 27. cxd4 c5 28. dxc5 Rac8 0-1

[Event "*** Titled Tuesday Blitz"]
[Site "Chess.com"]
[Date "2021.03.02"]
[Round "1"]
[White "Alexandercs432"]
[Black "zeitnot2006"]
[Result "0-1"]
[WhiteElo "2222"]
[BlackElo "2539"]
[TimeControl "180+1"]
[EndTime "10:05:35 PST"]
[Termination "zeitnot2006 won on time"]

1. e4 Nf6 2. e5 Nd5 3. d4 Nb6 4. Nf3 d6 5. exd6 cxd6 6. Be2 Bg4 7. O-O N8d7 8. h3 Bxf3 9. Bxf3 d5 10. Nd2 e6 11. c3 Bd6 12. Re1 O-O 13. Be2 Nf6 14. Bd3 h6 15. Nf3 Nc4 16. Bc2 Rc8 17. b3 Nb6 18. Bb2 Bb8 19. Ne5 Nbd7 20. Qd3 Ne4 21. Rxe4 dxe4 22. Qxe4 f5 23. Qxb7 Nxe5 24. dxe5 Bxe5 25.
Qf3 Qd2 26. Rc1 Rfd8 27. Ba3 Rxc3 0-1

[Event "*** Titled Tuesday Blitz"]
[Site "Chess.com"]
[Date "2021.03.02"]
[Round "1"]
[White "LubovMarkelova"]
[Black "arminmusovic"]
[Result "0-1"]
[WhiteElo "2238"]
[BlackElo "2549"]
[TimeControl "180+1"]
[EndTime "10:05:36 PST"]
[Termination "arminmusovic won by resignation"]

1. Nf3 a6 2. c4 e6 3. Nc3 d5 4. e3 Nf6 5. b3 c5 6. d4 Nc6 7. Bd3 h6 8. O-O Be7 9. Bb2 cxd4 10. exd4 O-O 11. Qe2 Re8 12. Rfd1 Bb4 13. a3 Ba5 14. b4 Bb6 15. c5 Bc7 16. Ne5 Nd7 17.
Nxc6 bxc6 18. Qf3 e5 19. Bf5 exd4 20. Ne2 Ne5 21. Qh3 d3 22. Nd4 Nc4 23. Bc3 d2 24. Bxc8 Qxc8 25. Qxc8 Raxc8 26. Bxd2 Be5 27. Bc3 Bxd4 28.
Bxd4 Re2 29. Re1 Rd2 30. Re7 Rxd4 31. Ra7 Nxa3 32. Rxa6 Nc2 33. Rb1 Rxb4 34. Rxb4 Nxb4 35. Rb6 Nd3 0-1

[Event "*** Titled Tuesday Blitz"]
[Site "Chess.com"]
[Date "2021.03.02"]
[Round "1"]
[White "Grandmaster2B"]
[Black "gisela_roque"]
[Result "1-0"]
[WhiteElo "2479"]
[BlackElo "1736"]
[TimeControl "180+1"]
[EndTime "10:05:36 PST"]
[Termination "Grandmaster2B won on time"]

1. e4 e6 2. d4 d5 3. Nd2 c5 4.
Ngf3 Nc6 5. Bb5 cxd4 6. Nxd4 Bd7 7.
Nxc6 bxc6 8. Bd3 Bd6 9. O-O Nf6 10. Qe2 e5 11. c3 O-O 12. Nb3 h6 13. Rd1 a5 14. Nd2 Qb6 15. Kh1 Rfe8 16. Nf3 Bc5 17. Rf1 Ng4 18. Kg1 a4 19. h3 Nf6 20. Rb1 dxe4 21. Bxe4 Nxe4 22. Qxe4 Be6 23. b3 Bd5 24. Qe2 e4 25. Ne1 e3 26. f3 Qc7 27. Nd3 Bb6 28. c4 Be6 29. c5 Ba7 30. Bxe3 Bf5 31. Rbd1 1-0

[Event "*** Titled Tuesday Blitz"]
[Site "Chess.com"]
[Date "2021.03.02"]
[Round "1"]
[White "NaciSAN"]
[Black "AlexPapasimakopoulos"]
[Result "0-1"]
[WhiteElo "2298"]
[BlackElo "2600"]
[TimeControl "180+1"]
[EndTime "10:05:37 PST"]
[Termination "AlexPapasimakopoulos won on time"]

1. e4 e6 2. d4 d5 3. e5 c5 4. c3 Nc6 5. Nf3 Bd7 6. Na3 f6 7. Nc2 fxe5 8. dxe5 Qc7 9. Bf4 Nh6 10. Bd3 Nf7 11. O-O Be7 12. Re1 c4 13. Bf1 g5 14.
Bg3 h5 15. h4 gxh4 16. Nxh4 O-O-O 17. Ng6 Rh6 18. Nxe7+ Nxe7 19. Bh4 Re8 20. Bxe7 Rxe7 21. Qe2 h4 22. Nd4 Rg6 23. b4 Rg5 24. f4 Rg3 25. Rac1 Nh6 26. Qh5 Nf5 27. Nxf5 exf5 28. Qxh4 Qb6+ 29. Kh2 Rgg7 30. Qf6 Bc6 31. Qxf5+ Kc7 32.
Qf6 Qf2 33. e6 Rh7+ 0-1

[Event "*** Titled Tuesday Blitz"]
[Site "Chess.com"]
[Date "2021.03.02"]
[Round "1"]
[White "ErikRonka"]
[Black "Hikaru"]
[Result "0-1"]
[WhiteElo "2477"]
[BlackElo "3240"]
[TimeControl "180+1"]
[EndTime "10:05:39 PST"]
[Termination "Hikaru won by resignation"]

1. e4 e5 2. Nc3 Nc6 3. Bc4 Bc5 4. Qg4 g6 5. Qg3 Nf6 6. d3 Nh5 7. Qf3 O-O 8. Nge2 Na5 9. Be3 Bxe3 10. Qxe3 Nxc4 11.
dxc4 d6 12. O-O-O b6 13. f3 Be6 14. b3 Qf6 15. g4 Nf4 16. Nxf4 exf4 17. Qd4 Qe5 18.
Qxe5 dxe5 19. Nb5 Rfc8 20. Rd2 Kf8 21. Rhd1 Ke7 22. Nc3 c6 23. h4 f6 24. h5 gxh5 25.
Rh2 Bf7 26. gxh5 Rg8 27. c5 Rad8 28. Rxd8 Kxd8 29. cxb6 axb6 30. Kd2 h6 31. Ke2 Rg5 32. Kf2 Kc7 33. Ne2 Rxh5 34. Rg2 Rg5 35. Rh2 h5 36. Ng1 b5 37. Nh3 Rg3 38. Ng1 Kb6 39. Ne2 Rg8 40. c3 Rd8 41. Rg2 Rd2 42. Rg7 Be6 43. Rg6 Rxa2 44.
Rxf6 Bxb3 45. Ke1 Bc4 46. Nc1 Rc2 0-1

[Event "*** Titled Tuesday Blitz"]
[Site "Chess.com"]
[Date "2021.03.02"]
[Round "1"]
[White "MarcLonoff"]
[Black "zverr1"]
[Result "1-0"]
[WhiteElo "2125"]
[BlackElo "2492"]
[TimeControl "180+1"]
[EndTime "10:05:39 PST"]
[Termination "MarcLonoff won by resignation"]

1. c4 e5 2. Nc3 Nc6 3. g3 Bc5 4. e3 d6 5. Bg2 f5 6. Nge2 Nf6 7. d4 Bb6 8. O-O O-O 9. Nd5 Ne7 10. Nxb6 axb6 11.
Nc3 Be6 12. b3 c6 13. dxe5 dxe5 14. Bb2 Qe8 15. Qc2 Qh5 16. f3 Qh6 17. Rfe1 f4 18. exf4 Nf5 19. Rxe5 Nd4 20. Qf2 c5 21. Rae1 Rfe8 22.
Na4 Bd7 23. Nxb6 Rxa2 24. Nxd7 Rxe5 25. Nxf6+ Qxf6 26. fxe5 Qf5 27. Bxd4 Rxf2 28. Bxf2 1-0

[Event "*** Titled Tuesday Blitz"]
[Site "Chess.com"]
[Date "2021.03.02"]
[Round "1"]
[White "JoliyRoger"]
[Black "Evachess2006"]
[Result "1-0"]
[WhiteElo "2478"]
[BlackElo "1602"]
[TimeControl "180+1"]
[EndTime "10:05:39 PST"]
[Termination "JoliyRoger won on time"]

1. Nf3 Nc6 2. d4 d5 3. Bf4 Bf5 4. e3 e6 5. a3 Nf6 6. c4 Bd6 7.
Bg5 O-O 8. Nc3 Be7 9. Bxf6 Bxf6 10. cxd5 exd5 11. Bd3 Bxd3 12. Qxd3 Re8 13. O-O a6 14.
Rac1 Qd7 15. Na4 b5 16. Nc5 Qd6 17. Qc2 Re7 18. Nb7 Nxd4 19. exd4 Qb6 20. Nc5 Rae8 21. Ne5 Bxe5 22. dxe5 Qc6 23. Nd3 Qg6 24. Rfd1 h6 25.
Qc6 1-0

[Event "*** Titled Tuesday Blitz"]
[Site "Chess.com"]
[Date "2021.03.02"]
[Round "1"]
[White "oogee"]
[Black "horripile"]
[Result "0-1"]
[WhiteElo "2367"]
[BlackElo "2698"]
[TimeControl "180+1"]
[EndTime "10:05:44 PST"]
[Termination "horripile won by resignation"]

1. d4 Nf6 2. c4 e6 3. Nf3 Bb4+ 4. Nbd2 c5 5. e3 cxd4 6. exd4 O-O 7. Bd3 b6 8. a3 Be7 9. O-O Bb7 10. Ng5 d5 11. Ndf3 Nc6 12. cxd5 Qxd5 13. Bf4 g6 14. Rc1 Nxd4 15.
Bc4 Nxf3+ 16. Qxf3 Qxf3 17. Nxf3 Bxf3 18. gxf3 Nh5 19. Be5 Bf6 20. f4 Rad8 21. Rfd1 Bxe5 22. fxe5 Nf4 23. f3 Rxd1+ 24. Rxd1 Rc8 25. b3 Rc5 26. Rd4 g5 27. h4 h6 28. hxg5 hxg5 29. Re4 Ng6 30.
Rg4 Rxe5 31. Kf2 Kf8 32. Rd4 Ke7 33. a4 Rc5 34. Bb5 Ne5 35. Rd1 Rc3 0-1

[Event "*** Titled Tuesday Blitz"]
[Site "Chess.com"]
[Date "2021.03.02"]
[Round "1"]
[White "Tactictic"]
[Black "sergoy"]
[Result "0-1"]
[WhiteElo "2431"]
[BlackElo "2845"]
[TimeControl "180+1"]
[EndTime "10:05:47 PST"]
[Termination "sergoy won by resignation"]

1. e4 c5 2. Nf3 d6 3. d4 cxd4 4. Nxd4 Nf6 5. Nc3 a6 6. Be3 e5 7. Nf3 Be7 8. Bc4 O-O 9. O-O Be6 10. Bb3 b5 11. Bg5 Nbd7 12. Re1 Qc7 13. Bxf6 Nxf6 14. Nd2 Rac8 15. Nf1 b4 16. Nd5 Nxd5 17. exd5 Bd7 18. a3 a5 19. axb4 axb4 20. Ne3 f5 21. Nc4 e4 22. f3 Bb5 23. Nd2 e3 24. Nb1 f4 25.
Qc1 Bf6 26. c3 bxc3 27. Nxc3 Bxc3 28. bxc3 Qxc3 29. Qxc3 Rxc3 30. Rab1 Bd3 31. Rb2 Rb8 32. Rd1 Rcxb3 33. Rxd3 Rxb2 0-1

[Event "*** Titled Tuesday Blitz"]
[Site "Chess.com"]
[Date "2021.03.02"]
[Round "1"]
[White "Fighter008"]
[Black "The_filthy"]
[Result "1-0"]
[WhiteElo "2621"]
[BlackElo "2316"]
[TimeControl "180+1"]
[EndTime "10:05:48 PST"]
[Termination "Fighter008 won by resignation"]

1. e4 e6 2. d4 d5 3. Bd3 Nf6 4. e5 Nfd7 5. Nf3 c5 6. c3 Nc6 7.
O-O Be7 8. a3 a5 9. Re1 Qb6 10.
Bc2 c4 11. a4 O-O 12. Na3 f5 13. exf6 Nxf6 14. Nb5 Bd7 15. Bf4 Rac8 16. Bg3 Nh5 17. Ne5 Nxe5 18. Bxh7+ Kxh7 19. Qxh5+ Kg8 20. Bxe5 Bxb5 21.
axb5 Bf6 22. Qg4 Rce8 23. Bxf6 Rxf6 24. Re2 Qxb5 25. Rae1 Qd7 26. Re5 b5 27. Qh5 Ref8 28. f3 b4 29. Qh3 Re8 30. Rh5 Kf7 31. Qg4 Rg8 32. f4 g6 33. Rhe5 b3 34. h4 a4 35. h5 gxh5 36. Qxh5+ Ke7 37. Rxd5 Qc6 38. Qh7+ Kf8 39. Rd8+ 1-0

[Event "*** Titled Tuesday Blitz"]
[Site "Chess.com"]
[Date "2021.03.02"]
[Round "1"]
[White "c_r_e_e_p_e_r"]
[Black "Onischuk_V"]
[Result "0-1"]
[WhiteElo "2421"]
[BlackElo "2823"]
[TimeControl "180+1"]
[EndTime "10:05:51 PST"]
[Termination "Onischuk_V won on time"]

1. d4 Nf6 2. c4 c5 3. d5 b5 4. Qc2 bxc4 5. e4 Ba6 6. Bxc4 Bxc4 7. Qxc4 d6 8. Nf3 Nbd7 9. O-O g6 10. Nc3 Bg7 11.
h3 O-O 12. Bf4 Rb8 13. Qe2 Qb6 14. Rab1 Nh5 15. Bd2 Ne5 16. Nh2 c4 17. Be3 Qa5 18. Bd4 Nd3 19. Bxg7 Kxg7 20. Qd2 Qc5 21. Nd1 Qd4 22. Re1 Nf6 23. Nf3 Qc5 24. Re3 Qb4 25.
Nc3 Nd7 26. Nd4 N7e5 27. a3 Qc5 28. Nde2 Rb3 29. f4 Rfb8 30. fxe5 Rxb2 31. Rxb2 Rxb2 0-1

[Event "*** Titled Tuesday Blitz"]
[Site "Chess.com"]
[Date "2021.03.02"]
[Round "1"]
[White "The_Machine04"]
[Black "Shield12"]
[Result "0-1"]
[WhiteElo "2434"]
[BlackElo "2847"]
[TimeControl "180+1"]
[EndTime "10:05:53 PST"]
[Termination "Shield12 won by resignation"]

1. d4 Nf6 2. Bg5 c5 3. Bxf6 gxf6 4. d5 Qb6 5. Qc1 f5 6. c4 Bg7 7. Nc3 d6 8. Qc2 Nd7 9. e3 Nf6 10. Bd3 Ne4 11. Nge2 Nxc3 12. Nxc3 e6 13. O-O O-O 14.
Rac1 Kh8 15. Be2 Rg8 16. Bf3 e5 17. Kh1 Qd8 18. a3 Qg5 19. g3 Bd7 20. Rb1 a5 21. a4 Qh6 22. b3 f4 23. exf4 exf4 24. Rbe1 Be5 25. Rxe5 dxe5 26. Qe4 Rae8 27. d6 Bc6 28.
Nd5 Qxd6 29. Qf5 Qg6 30. Qxg6 hxg6 31. Kg2 e4 32. Bg4 f5 33. Bh3 f3+ 34. Kg1 Bxd5 35. cxd5 Kg7 36. Rd1 Rd8 37. Bf1 Rd6 38. Bc4 Kf6 39.
h4 Ke5 40. Kf1 Rgd8 41. Ke1 b6 42. Rd2 f4 43. gxf4+ Kxf4 44. Kd1 Rh8 45. Kc2 Rxh4 46. Rd1 Rh2 47. Rd2 g5 48. Kc3 g4 49. Rc2 g3 50.
fxg3+ Kxg3 51. Rxh2 Kxh2 52. Kd2 f2 53. Ke3 Rxd5 54.
Kxf2 Rd4 55. Ke3 Kg3 56. Bb5 Kg4 57. Bc6 Kf5 58. Bb5 Ke5 59. Bc4 Rxc4 60. bxc4 Kf5 61. Ke2 Kf4 62. Kf2 e3+ 63. Ke2 Ke4 64. Ke1 Kd3 65.
Kd1 Kxc4 66. Ke2 Kd4 0-1

[Event "*** Titled Tuesday Blitz"]
[Site "Chess.com"]
[Date "2021.03.02"]
[Round "1"]
[White "Jan1401"]
[Black "Gabrielian_Artur"]
[Result "0-1"]
[WhiteElo "2412"]
[BlackElo "2784"]
[TimeControl "180+1"]
[EndTime "10:05:54 PST"]
[Termination "Gabrielian_Artur won by checkmate"]

1. e4 c5 2. Nf3 d6 3. Bb5+ Nd7 4. O-O a6 5. Bd3 Ngf6 6. Re1 b5 7. c4 b4 8. a3 Bb7 9. Bc2 e5 10. axb4 cxb4 11. d4 Be7 12. d5 Nc5 13. Nbd2 Nfd7 14. Nb3 a5 15. Nxc5 Nxc5 16. Ba4+ Kf8 17. Qc2 h5 18. Be3 Qc7 19. Nd2 Rc8 20. Rec1 h4 21.
h3 g5 22. f3 Kg7 23. Nb3 Nxb3 24. Qxb3 Qb8 25. Bb5 Qc7 26. Ra4 Ra8 27. Rca1 Rhc8 28.
Qa2 Bd8 29. Qb3 f6 30. Qc2 Qb8 31. Qb3 Ba6 32. Bc6 Bb7 33. Bb5 Ba6 34. Bc6 Ra7 35.
Kh2 Rf7 36. c5 f5 37. exf5 dxc5 38. Bxc5 Rxf5 39. Bd7 e4+ 40. Kh1 Rxf3 41. gxf3 Rxc5 42. Qe3 Rc2 43. Rg1 Qh2# 0-1

[Event "*** Titled Tuesday Blitz"]
[Site "Chess.com"]
[Date "2021.03.02"]
[Round "1"]
[White "Azde"]
[Black "KuzubovYuriy"]
[Result "0-1"]
[WhiteElo "2448"]
[BlackElo "2907"]
[TimeControl "180+1"]
[EndTime "10:05:55 PST"]
[Termination "KuzubovYuriy won by resignation"]

1. d4 Nf6 2. c4 e6 3. Nf3 d5 4. g3 Be7 5. Bg2 O-O 6. O-O dxc4 7. Qc2 b5 8. a4 b4 9. Ne5 Nd5 10. Nxc4 c5 11. dxc5 Ba6 12. Rd1 Nd7 13. c6 Rc8 14. cxd7 Rxc4 15. Qd2 Qc7 16. e4 Nb6 17. Qe1 Nxd7 18.
Bf4 e5 19. Be3 Nc5 20. f3 Rc2 21. Bf1 Bxf1 22. Qxf1 Nb3 23. Ra2 Bc5 24. Qd3 Nc1 25. Rxc1 Rxc1+ 26. Kg2 Bxe3 0-1

[Event "*** Titled Tuesday Blitz"]
[Site "Chess.com"]
[Date "2021.03.02"]
[Round "1"]
[White "Grineva_Marianna"]
[Black "mhebden"]
[Result "0-1"]
[WhiteElo "2225"]
[BlackElo "2543"]
[TimeControl "180+1"]
[EndTime "10:05:55 PST"]
[Termination "mhebden won by resignation"]

1. e4 e5 2. Nf3 Nc6 3. Bb5 a6 4.
Ba4 Nf6 5. Qe2 Be7 6. c3 b5 7. Bc2 O-O 8. d3 d5 9. h3 Re8 10. Nbd2 Bf8 11. g4 Be6 12. Ng5 d4 13. Nxe6 fxe6 14.
Nf1 Bc5 15. Ng3 Rf8 16. O-O Nd7 17. Bb3 Qe7 18. c4 Na5 19. Bd2 Nxb3 20. axb3 b4 21. Kg2 a5 22. f3 Bd6 23. Rh1 Nc5 24. h4 Nxb3 25. Bg5 Qd7 26. Raf1 a4 27. h5 a3 28. bxa3 bxa3 29. Qa2 Nc5 30. Rd1 Rfb8 31. Bc1 Rb3 32. Qc2 Qa4 33. Rd2 Rxd3 34. Qa2 Rxd2+ 35. Bxd2 Qb3 36.
Ra1 Rf8 37. Qxb3 Nxb3 38. Ra2 Ra8 39. Be1 Nc1 40. Ra1 a2 41. Rxc1 a1=Q 42. Rxa1 Rxa1 43.
Bd2 Ra2 44. Nf1 Bb4 0-1

[Event "*** Titled Tuesday Blitz"]
[Site "Chess.com"]
[Date "2021.03.02"]
[Round "1"]
[White "rasmussvane"]
[Black "Grimlock_Glasgow"]
[Result "1-0"]
[WhiteElo "2957"]
[BlackElo "2465"]
[TimeControl "180+1"]
[EndTime "10:05:56 PST"]
[Termination "rasmussvane won by resignation"]

1. Nf3 d5 2. g3 Nc6 3. d4 Bg4 4. h3 Bxf3 5. exf3 e6 6. f4 Nge7 7. c3 Nf5 8. Bd3 h5 9. Nd2 g6 10.
Nf3 Qd7 11. Bd2 Nd6 12. Qe2 O-O-O 13. b4 Bg7 14. a4 Ne7 15. Kf1 f6 16. Kg2 Rde8 17.
b5 h4 18. Rae1 hxg3 19. fxg3 Nef5 20. h4 e5 21. fxe5 fxe5 22. dxe5 Nf7 23. Bf4 Nd8 24. Ng5 Ne6 25. Nxe6 Rxe6 26. h5 Rf8 27. hxg6 Rxg6 28. Qh5 Qe8 29. Bxf5+ 1-0

[Event "*** Titled Tuesday Blitz"]
[Site "Chess.com"]
[Date "2021.03.02"]
[Round "1"]
[White "nrvisakh"]
[Black "dopolian"]
[Result "1-0"]
[WhiteElo "2797"]
[BlackElo "2415"]
[TimeControl "180+1"]
[EndTime "10:05:56 PST"]
[Termination "nrvisakh won by resignation"]

1. d4 Nf6 2. Bf4 d5 3. e3 e6 4.
Nd2 Bd6 5. Bg3 c5 6. Ngf3 Nc6 7.
Bb5 O-O 8. Bxc6 bxc6 9. Bxd6 Qxd6 10. dxc5 Qxc5 11. Nb3 Qd6 12. Qd4 Nd7 13. O-O c5 14. Qh4 Nf6 15. Rfd1 Bb7 16. e4 Nxe4 17. Qxe4 dxe4 18. Rxd6 exf3 19. Nxc5 Bd5 20. Nd3 Rfc8 21. Nb4 Be4 22. Re1 Bxc2 23. gxf3 a5 24. Nc6 Rc7 25. Re5 a4 26. Ra5 Rac8 27. Rc5 Bb1 28. Ne7+ 1-0

[Event "*** Titled Tuesday Blitz"]
[Site "Chess.com"]
[Date "2021.03.02"]
[Round "1"]
[White "ObligatePawnivore"]
[Black "szachuspl"]
[Result "0-1"]
[WhiteElo "1838"]
[BlackElo "2481"]
[TimeControl "180+1"]
[EndTime "10:05:57 PST"]
[Termination "szachuspl won on time"]

1. c4 e5 2. Nc3 Nf6 3. Nf3 Nc6 4. e3 Bb4 5. Qc2 Bxc3 6. bxc3 e4 7. Ng5 Qe7 8. f3 exf3 9. Nxf3 O-O 10. Be2 d5 11.
cxd5 Nxd5 12. O-O Bg4 13. e4 Nf4 14. d4 Nxe2+ 15. Qxe2 Rfe8 16. e5 h6 17. Qb5 Qd7 18. Rb1 b6 19. Bf4 Na5 20. Qxd7 Bxd7 21. e6 Bxe6 22. Bxc7 Rac8 23. Bg3 Rxc3 24. Rfe1 Rd8 25. Ne5 Rxd4 26. Nxf7 Bxf7 27. Be5 Rdc4 28. Bxc3 Rxc3 29.
Re7 Nc6 30. Rc7 Rc4 31. Rd1 a5 32. Rdd7 Ne5 33. Rd8+ Kh7 34. Re7 Nc6 0-1

[Event "*** Titled Tuesday Blitz"]
[Site "Chess.com"]
[Date "2021.03.02"]
[Round "1"]
[White "louis198"]
[Black "Rozhkov_V"]
[Result "1-0"]
[WhiteElo "2645"]
[BlackElo "2327"]
[TimeControl "180+1"]
[EndTime "10:05:58 PST"]
[Termination "louis198 won by resignation"]

1. d4 d5 2. c4 dxc4 3. Nc3 a6 4. a4 Nc6 5. e3 Na5 6. Nf3 e6 7. Nd2 Nf6 8. Nxc4 Nxc4 9. Bxc4 c5 10. O-O Bd6 11. h3 cxd4 12. Qxd4 Qe7 13. Rd1 Bc5 14. Qh4 b6 15. e4 Bb7 16. Bg5 h6 17. e5 Qf8 18.
Bxf6 gxf6 19. Ne4 Be7 20. exf6 Bc5 21. Rac1 Rc8 22. Bf1 Rg8 23. Rxc5 bxc5 24. Nd6+ Kd7 25. Nxb7+ Kc7 26. Qc4 Kxb7 27. Qxa6+ Kb8 28. Rd7 1-0

[Event "*** Titled Tuesday Blitz"]
[Site "Chess.com"]
[Date "2021.03.02"]
[Round "1"]
[White "Balla_Tamas"]
[Black "ailime26"]
[Result "1-0"]
[WhiteElo "2507"]
[BlackElo "2108"]
[TimeControl "180+1"]
[EndTime "10:06:01 PST"]
[Termination "Balla_Tamas won by resignation"]

1. e4 c5 2. d3 g6 3. f4 Bg7 4.
g3 d6 5. Bg2 Nc6 6. Nf3 e6 7.
O-O Nge7 8. c3 O-O 9. Be3 b6 10. d4 cxd4 11. cxd4 e5 12. fxe5 dxe5 13. d5 Na5 14.
Nbd2 Ba6 15. Re1 Nb7 16. b4 Nd6 17. a4 Bd3 18. Bf2 f5 19. exf5 Rxf5 20. Nh4 Rf7 21. Ra3 e4 22. Nxe4 Bxe4 23. Bxe4 Nxe4 24. Rxe4 Nxd5 25. Rd3 Rxf2 26. Kxf2 Qf8+ 27. Rf3 Nc3 28. Qb3+ Kh8 29. Rxf8+ Rxf8+ 30. Rf4 Re8 31. Ng2 g5 32. Rc4 Re2+ 33. Kf1 Re8 34. Rxc3 1-0

[Event "*** Titled Tuesday Blitz"]
[Site "Chess.com"]
[Date "2021.03.02"]
[Round "1"]
[White "ama18"]
[Black "mishanick"]
[Result "0-1"]
[WhiteElo "2471"]
[BlackElo "3013"]
[TimeControl "180+1"]
[EndTime "10:06:03 PST"]
[Termination "mishanick won by checkmate"]

1. e4 c5 2. Nf3 d6 3. d4 cxd4 4. Nxd4 Nf6 5. Nc3 a6 6. h3 e6 7. g4 Nfd7 8. g5 Be7 9. h4 Qc7 10. Be3 Nc6 11. Nxc6 Qxc6 12. Qd4 Ne5 13. Be2 f6 14.
O-O-O Bd7 15. f4 Nf7 16. f5 Rc8 17. fxe6 Bxe6 18. Rd2 Ne5 19. Nd5 Bxd5 20. exd5 Qd7 21. gxf6 Bxf6 22. Qb4 O-O 23. Kb1 b5 24. Bg5 Nc4 25.
Bxc4 Rxc4 26. Qb3 Be5 27. Qd3 Qg4 28. Rdd1 Rf3 29. Qe2 Rb3 30. Qxg4 Rxb2+ 31. Kc1 Rcxc2# 0-1

[Event "*** Titled Tuesday Blitz"]
[Site "Chess.com"]
[Date "2021.03.02"]
[Round "1"]
[White "DLR7"]
[Black "UmarovSabir"]
[Result "1-0"]
[WhiteElo "2622"]
[BlackElo "2316"]
[TimeControl "180+1"]
[EndTime "10:06:04 PST"]
[Termination "DLR7 won by checkmate"]

1. e4 g6 2. d4 Bg7 3. Nc3 c6 4. f4 d5 5. e5 Nh6 6. Be2 f6 7. Be3 Nf5 8. Bf2 fxe5 9. dxe5 d4 10. Ne4 Ne3 11. Bxe3 dxe3 12. Qxd8+ Kxd8 13. Nf3 Bf5 14.
Neg5 Kc7 15. Nd4 Bh6 16. Nxf5 Bxg5 17. Nd4 Bh6 18. O-O-O Kb6 19. Ne6 Na6 20. Bxa6 bxa6 21. Rhe1 Rhg8 22. Rxe3 g5 23. Rb3+ Ka5 24. Nd4 Rac8 25.
Rb7 c5 26. Nb3+ Ka4 27. c3 gxf4 28. Rd4+ cxd4 29. Rb4# 1-0

[Event "*** Titled Tuesday Blitz"]
[Site "Chess.com"]
[Date "2021.03.02"]
[Round "1"]
[White "miredenizdogan"]
[Black "Arkady_Gitelson"]
[Result "0-1"]
[WhiteElo "2245"]
[BlackElo "2562"]
[TimeControl "180+1"]
[EndTime "10:06:04 PST"]
[Termination "Arkady_Gitelson won by resignation"]

1. d4 Nf6 2. c4 g6 3. Nc3 Bg7 4. Nf3 d6 5. h3 O-O 6. e4 e5 7. d5 Na6 8. Be3 Nh5 9. Qd2 f5 10.
Bg5 Qe8 11. exf5 e4 12. Nd4 gxf5 13. Bh6 e3 14. Bxe3 f4 15. g4 fxe3 16. fxe3 Ng3 17.
Rg1 Nxf1 18. Rxf1 Rxf1+ 19. Kxf1 Bd7 20. Kg1 Qe5 21. Nde2 Re8 22. e4 Nc5 23. Rf1 Nxe4 24. Nxe4 Qxe4 25. Ng3 Qd4+ 26. Qf2 Qxf2+ 27. Kxf2 Rf8+ 28.
Kg2 Rxf1 29. Kxf1 Bxb2 30. Ne4 Kg7 31. Kf2 Be5 32. Kf3 Ba4 33. Ng5 c6 34. Ne6+ Kf6 35. Nd8 cxd5 36. cxd5 b6 37. Nc6 Bxc6 38. dxc6 Ke6 39.
Ke4 d5+ 40. Kd3 Kd6 0-1

[Event "*** Titled Tuesday Blitz"]
[Site "Chess.com"]
[Date "2021.03.02"]
[Round "1"]
[White "Gogolev_Artemy"]
[Black "mamonika"]
[Result "1-0"]
[WhiteElo "2485"]
[BlackElo "2015"]
[TimeControl "180+1"]
[EndTime "10:06:04 PST"]
[Termination "Gogolev_Artemy won on time"]

1. Nf3 Nf6 2. c4 c5 3. Nc3 Nc6 4. e3 d5 5. d4 cxd4 6. Nxd4 e6 7. cxd5 Nxd5 8. Nxc6 bxc6 9. Bd2 Be7 10. Be2 O-O 11.
O-O Nxc3 12. Bxc3 Bf6 13. Rc1 Bxc3 14. Rxc3 Qb6 15. Qc2 Rb8 16. b3 Bb7 17. Bf3 Rbc8 18. Rc1 c5 19. Bxb7 Qxb7 20. Rxc5 Rxc5 21. Qxc5 Rd8 22. h3 g6 23. Qc7 Qxc7 24. Rxc7 Rd1+ 25. Kh2 a5 26. Ra7 Rd2 27. Rxa5 Rxf2 28. b4 Re2 29. b5 Rxe3 30. b6 1-0

[Event "*** Titled Tuesday Blitz"]
[Site "Chess.com"]
[Date "2021.03.02"]
[Round "1"]
[White "DrVelja"]
[Black "Vamostodorecto"]
[Result "1-0"]
[WhiteElo "2848"]
[BlackElo "2435"]
[TimeControl "180+1"]
[EndTime "10:06:06 PST"]
[Termination "DrVelja won by checkmate"]

1. e4 e5 2. Nf3 Nc6 3. Bb5 a6 4.
Ba4 Nf6 5. O-O b5 6. Bb3 Be7 7. d4 exd4 8. e5 Ne4 9. Bd5 Nc5 10. Nxd4 Bb7 11. Nf5 O-O 12. Qg4 g6 13. Re1 Ne6 14.
Nxe7+ Qxe7 15. Nc3 Qc5 16. Ne4 Nxe5 17. Nf6+ Kg7 18. Rxe5 Kxf6 19. Be3 Qd6 20. Qh4+ Kxe5 21. Bxb7 Rab8 22. Re1 Kf5 23. Be4+ Ke5 24. Bf3 f5 25. Bc5# 1-0

[Event "*** Titled Tuesday Blitz"]
[Site "Chess.com"]
[Date "2021.03.02"]
[Round "1"]
[White "Oglob71"]
[Black "K_A_S_T_O_R"]
[Result "0-1"]
[WhiteElo "2414"]
[BlackElo "2792"]
[TimeControl "180+1"]
[EndTime "10:06:08 PST"]
[Termination "K_A_S_T_O_R won by resignation"]

1. d4 Nf6 2. Nf3 e6 3. c4 Bb4+ 4. Nbd2 O-O 5. g3 b6 6. Bg2 Bb7 7. O-O d5 8. Qc2 dxc4 9. Qxc4 Be7 10. Qc2 Nbd7 11. e4 c5 12. e5 Nd5 13. a3 cxd4 14. Qd3 Qc7 15. Qxd4 Bc5 16. Qh4 Nxe5 17. Nxe5 Qxe5 18. Nf3 Qc7 19. Ng5 h6 20. Ne4 Be7 21. Qh5 Nf6 22. Nxf6+ Bxf6 23. Bf4 Qe7 24. Rfd1 Rfd8 25.
Be5 Bxg2 26. Kxg2 Qb7+ 27. Kg1 Bxe5 28. Qxe5 Qf3 29. Rxd8+ Rxd8 30. Qe3 Qxe3 31. fxe3 Rd2 32. b4 Re2 33. a4 Rxe3 34. Rc1 Re4 35. Rc8+ Kh7 36.
Rc7 Kg6 37. Rxa7 Rxb4 38. Kg2 f5 39. h4 Kf6 40. Ra6 g5 41. h5 g4 42. Kf2 Kg5 43.
a5 bxa5 44. Rxe6 Kxh5 45. Re5 Kg5 46. Rxa5 Rb2+ 47. Kg1 Rb3 48. Kg2 h5 49. Rc5 Rb2+ 50. Kg1 Rb3 51. Kg2 Rb6 52. Ra5 Rf6 53. Rb5 h4 54.
gxh4+ Kxh4 55. Rb8 Kg5 56. Rb5 Re6 57. Kf2 Kf4 58.
Rb4+ Re4 59. Rb3 g3+ 60. Kg2 Re2+ 61. Kg1 Kg4 62. Rb8 f4 63. Rg8+ Kf3 64. Kf1 g2+ 65.
Rxg2 Rxg2 0-1

[Event "*** Titled Tuesday Blitz"]
[Site "Chess.com"]
[Date "2021.03.02"]
[Round "1"]
[White "Kaslask"]
[Black "sara_khm"]
[Result "0-1"]
[WhiteElo "2287"]
[BlackElo "2598"]
[TimeControl "180+1"]
[EndTime "10:06:09 PST"]
[Termination "sara_khm won by resignation"]

1. d4 Nf6 2. c4 e6 3. Nc3 Bb4 4. Nf3 b6 5. Bg5 Bb7 6. e3 h6 7. Bh4 g5 8. Bg3 Ne4 9. Qc2 Bxc3+ 10. bxc3 d6 11. Bd3 Nxg3 12. hxg3 Nd7 13. a4 f5 14. d5 Nc5 15. dxe6 g4 16. Nd4 Bxg2 17. Bxf5 Bxh1 18.
Bg6+ Ke7 19. f3 Bxf3 20. e4 Qg8 21. Nc6+ Kxe6 22. e5 Rf8 23. Bf5+ Kf7 24. Nd4 dxe5 25. Nxf3 gxf3 26. O-O-O Qg5+ 27. Kb2 Rd8 28. g4 Rxd1 0-1

[Event "*** Titled Tuesday Blitz"]
[Site "Chess.com"]
[Date "2021.03.02"]
[Round "1"]
[White "WcmDominicToretto"]
[Black "Elprofessor21"]
[Result "0-1"]
[WhiteElo "1910"]
[BlackElo "2483"]
[TimeControl "180+1"]
[EndTime "10:06:09 PST"]
[Termination "Elprofessor21 won by checkmate"]

1. e4 e5 2. Nf3 Nc6 3. Nc3 Nf6 4.
d4 exd4 5. Nxd4 Bb4 6. Nxc6 bxc6 7. Bd3 d5 8. exd5 cxd5 9. O-O O-O 10. Bg5 c6 11. Qf3 Bd6 12. h3 Rb8 13. Rab1 Be5 14. Be2 h6 15. Bh4 Qd6 16. Rfe1 Rb4 17. Bxf6 Bxf6 18. Bd3 Be6 19. a3 Rb7 20. Ne2 Rxb2 21.
Rxb2 Bxb2 22. a4 Be5 23. Rd1 Rb8 24. c4 Rb2 25. g3 Bxh3 26. g4 dxc4 27. Bc2 Qf6 28. Nf4 Rxc2 29. Qxh3 Qxf4 30. Rd8+ Kh7 31. Kg2 Qxf2+ 32. Kh1 Rc1+ 33. Qf1 Qh2# 0-1